 Dungeon Crawl Stone Soup version 0.29.1-15-g9cfb28693d (webtiles) character file.

Game seed: 6942967887060878181

1898 Gumption the Cleaver (level 8, -4/111 HPs)
             Began as a Minotaur Berserker on Mar 23, 2023.
             Was a Priest of Trog.
             Slain by an ogre
             ... wielding a +0 giant club
              (16 damage)
             ... on level 6 of the Dungeon.
             The game lasted 00:41:43 (6164 turns).

Gumption the Cleaver (Minotaur Berserker)           Turns: 6164, Time: 00:41:44

Health: -4/111     AC:  9    Str: 24    XL:     8   Next: 93%
Magic:  7/7        EV: 11    Int:  4    God:    Trog [***...]
Gold:   204        SH:  0    Dex: 17    Spells: 7/7 levels left

rFire   + . .      SeeInvis .   a - +0 hand axe
rCold   . . .      Faith    .   (no shield)
rNeg    . . .      Spirit   .   o - +0 scale mail
rPois   .          Reflect  .   (helmet restricted)
rElec   .          Harm     .   (no cloak)
rCorr   +          Rampage  .   (no gloves)
Will    .....                   m - +0 pair of boots
Stlth   ..........              (no amulet)
HPRegen 0.28/turn               k - ring "Hishil Hall" {rF+ rCorr Dex+7}
MPRegen 0.10/turn               (no ring)

@: berserking, very quick
A: horns 2, retaliatory headbutt
a: Renounce Religion, Berserk, Trog's Hand


You were on level 6 of the Dungeon.
You worshipped Trog.
Trog was most pleased with you.
You visited 1 branch of the dungeon, and saw 6 of its levels.

You collected 204 gold pieces.

Inventory:

Hand Weapons
 a - a +0 hand axe (weapon)
 b - a +0 sling of venom
 w - a +1 whip of electrocution
Missiles
 h - 3 javelins (quivered)
Armour
 m - a +0 pair of boots (worn)
 o - a +0 scale mail (worn)
Jewellery
 k - the ring "Hishil Hall" (left hand) {rF+ rCorr Dex+7}
   (You found it on level 6 of the Dungeon)

   [ring of resist corrosion]

   Dex:       It affects your dexterity (+7).
   rF:        It protects you from fire.
   rCorr:     It protects you from acid and corrosion.
Wands
 s - a wand of paralysis (12)
Scrolls
 e - 2 scrolls of teleportation
 f - a scroll of silence {unknown}
 l - a scroll of acquirement {unknown}
 n - a scroll of blinking {unknown}
 q - a scroll of enchant armour {unknown}
 r - a scroll of magic mapping {unknown}
 t - a scroll of summoning {unknown}
 u - a scroll of fog {unknown}
Potions
 c - a potion of invisibility {unknown}
 d - 4 potions of curing
 g - a potion of heal wounds
 i - 2 potions of brilliance {unknown}
 j - 2 potions of lignification {unknown}
 p - a potion of magic {unknown}
 v - a potion of flight {unknown}


   Skills:
 + Level 7.8 Fighting
 * Level 10.4 Axes
 + Level 7.3 Armour
 - Level 2.1 Dodging


You had 7 spell levels left.
You didn't know any spells.
Your spell library was empty.

Dungeon Overview and Level Annotations

Branches:
Dungeon (6/15)             Temple (0/1) D:4

Altars:
Qazlal
Sif Muna

Annotations:
D:2 1 runed translucent door, Crazy Yiuf


Innate Abilities, Weirdness & Mutations

You have a pair of horns on your head.
You reflexively headbutt those who attack you in melee.


Message History

Found 8 gold pieces.
Found 17 gold pieces.
You now have 187 gold pieces (gained 8).
You now have 204 gold pieces (gained 17).
Found a scroll labelled MAXZER DYMUR.
u - a scroll labelled MAXZER DYMUR
v - a purple potion
Found 2 poisoned darts.
An ogre comes into view. It is wielding a +0 giant club.
The ogre shouts!
Throw: 6 javelins
Press: ? - help, Q - select action, (/) - cycle Shift-Dir - straight line, f - ogre
Aim: an ogre, wielding a +0 giant club (77% to hit)
You throw a javelin. The javelin pierces through the ogre.
The ogre is lightly wounded.
Throw: 5 javelins
Press: ? - help, Q - select action, (/) - cycle Shift-Dir - straight line, f/p - ogre
Aim: an ogre, wielding a +0 giant club (lightly wounded, 77% to hit)
You throw a javelin. The javelin pierces through the ogre.
The ogre is moderately wounded.
Throw: 4 javelins
Press: ? - help, Q - select action, (/) - cycle Shift-Dir - straight line, f/p - ogre
Aim: an ogre, wielding a +0 giant club (moderately wounded, 77% to hit)
You throw a javelin. The javelin barely misses the ogre.
The ogre hits you with a +0 giant club!
You barely miss the ogre.
The ogre is moderately wounded.
You slash the ogre!
The ogre is heavily wounded.
The ogre hits you with a +0 giant club!!
You hit the ogre.
The ogre is severely wounded.
You slash the ogre!
The ogre is almost dead.
The ogre hits you with a +0 giant club!!
* * * LOW HITPOINT WARNING * * *
A red film seems to cover your vision as you go berserk!
You feel yourself moving faster!
You feel mighty! The ogre hits you with a +0 giant club!
You die...

.(...........
............
........... ###
#.(....... #.#
#.......# ##.#
##......# ##..#
+...O..#
#######...#
#..@.#
..........#
#..###
#######...#
#..# ##..##
#..# ##..# #..#
#..###..# #
#####......# #
##..........##
#
#............##


You could see an ogre.

Vanquished Creatures
  Pikel (D:4)
  Sigmund (D:3)
  Edmund (D:4)
  Menkaure (D:5)
  A water moccasin (D:5)
  A black bear (D:6)
  An ogre (D:5)
  An ice beast (D:6)
  2 phantoms
  A scorpion (D:4)
  A howler monkey (D:5)
  3 hounds (D:5)
  An orc priest (D:5)
  3 iguanas
  Robin (D:2)
  4 gnolls
  8 adders
  A shadow imp (D:6)
  2 worms (D:2)
  4 dart slugs
  6 orcs
  9 ball pythons
  14 endoplasms
  5 giant cockroaches
  13 goblins
  10 hobgoblins
  9 jackals
  4 quokkas
  4 bats
  4 frilled lizards
  4 kobolds
  2 rats
123 creatures vanquished.

Vanquished Creatures (others)
  2 fungi (D:2)
2 creatures vanquished.

Grand Total: 125 creatures vanquished

Notes
Turn   | Place    | Note
-------+----------+-------------------------------------------
     0 | D:1      | Gumption the Minotaur Berserker began the quest for the
                  | Orb.
     0 | D:1      | Reached XP level 1. HP: 19/19 MP: 0/0
   289 | D:1      | Reached skill level 4 in Axes
   289 | D:1      | Reached XP level 2. HP: 27/27 MP: 1/1
   585 | D:1      | Reached XP level 3. HP: 31/33 MP: 2/2
  1365 | D:2      | Reached ** piety under Trog
  1563 | D:2      | Reached skill level 5 in Axes
  1563 | D:2      | Reached XP level 4. HP: 29/41 MP: 3/3
  1748 | D:2      | Noticed Robin
  1762 | D:2      | Killed Robin
  2041 | D:2      | Found a faded altar of an unknown god.
  2320 | D:2      | Found a runed translucent door.
  2321 | D:2      | Noticed Crazy Yiuf
  2643 | D:3      | Noticed Sigmund
  2650 | D:3      | Killed Sigmund
  2651 | D:3      | Reached skill level 5 in Fighting
  2651 | D:3      | Reached skill level 6 in Axes
  2651 | D:3      | Reached XP level 5. HP: 48/48 MP: 4/4
  2651 | D:3      | Reached XP level 6. HP: 56/56 MP: 5/5
  2684 | D:3      | Found a stormy altar of Qazlal.
  3209 | D:4      | Found Kiteta's Weapon Boutique.
  3230 | D:4      | Reached *** piety under Trog
  3459 | D:4      | Found a staircase to the Ecumenical Temple.
  3486 | D:4      | Noticed Edmund
  3497 | D:4      | Killed Edmund
  3498 | D:4      | Reached skill level 7 in Axes
  3617 | D:4      | Reached skill level 5 in Armour
  3617 | D:4      | Reached XP level 7. HP: 42/62 MP: 6/6
  4046 | D:4      | Noticed Pikel
  4057 | D:4      | Killed Pikel
  4058 | D:4      | Reached skill level 8 in Axes
  4058 | D:4      | Reached XP level 8. HP: 71/71 MP: 7/7
  4486 | D:5      | Entered Level 5 of the Dungeon
  4737 | D:5      | Reached skill level 9 in Axes
  4790 | D:5      | Noticed Menkaure
  4811 | D:5      | HP: 1/109 [Menkaure (6)]
  4812 | D:5      | Killed Menkaure
  5412 | D:5      | Reached skill level 10 in Axes
  5495 | D:5      | Found a shimmering blue altar of Sif Muna.
  5803 | D:6      | Identified the ring "Hishil Hall" {rF+ rCorr Dex+7}
  6164 | D:6      | Slain by an ogre

Illustrated notes

Levels and vault maps discovered:
D:1:      evilmike_arrival_crescent, layout_basic
D:2:      layout_basic, ebering_ecumenical_altar_sacrificial,
          uniq_crazy_yiuf_cottage, uniq_robin
D:3:      layout_rooms, nicolae_qazlal_eye_of_the_storm, uniq_sigmund
D:4:      layout_basic, minmay_temple_entry_poolview, hangedman_decor_growths,
          nicolae_stop_n_shop_2, hangedman_decor_lopped, uniq_edmund, uniq_pikel
D:5:      layout_cave_pools, mainiacjoe_overflow_alcove_1,
          ebering_dispersal_statue_hall, uniq_menkaure
D:6:      layout_cave_pods, gammafunk_temple_overflow_elements,
          hangedman_feature_mirror, amcnicky_mini_rare_corridor_liquid

Skill      XL: |  1  2  3  4  5  6  7  8 |
---------------+-------------------------+-----
Axes           | 4 5 6 7 8 10 | 10.4
Fighting       | 4 5 6 7 |  7.8
Armour         | 3 4 5 6 7 |  7.3
Dodging        | |  2.1

Action                   |  1- 3 |  4- 6 |  7- 9 || total
-------------------------+-------+-------+-------++-------
Melee: Hand axe          |    72 |   114 |   117 ||   303
       Headbutt          |    11 |    26 |    16 ||    53
       Punch             |       |     1 |     1 ||     2
Throw: Javelin           |       |       |     7 ||     7
Invok: Berserk           |     1 |     3 |     3 ||     7
  Use: Scroll            |     1 |       |     3 ||     4
       Potion            |       |     1 |     1 ||     2
Armor: Animal skin       |     1 |       |       ||     1
       Ring mail         |    18 |    31 |       ||    49
       Scale mail        |       |     1 |    30 ||    31
Dodge: Dodged            |    38 |    64 |    40 ||   142
